 Dungeon Crawl Stone Soup version 0.29.0-4-gdea44cf6ec (webtiles) character file.

Game seed: 7829593572749557809

11564 qw the Brawler (level 11, -3/109 HPs)
             Began as a Troll Cinder Acolyte on Aug 31, 2022.
             Was an Initiate of Ignis.
             Slain by a centaur
             ... wielding a staff of poison
              (4 damage)
             ... on level 11 of the Dungeon.
             The game lasted 00:05:33 (10147 turns).

qw the Brawler (Troll Cinder Acolyte)              Turns: 10147, Time: 00:05:33

Health: -3/109     AC:  4    Str: 28    XL:     11   Next: 51%
Magic:  11/11      EV:  9    Int: 10    God:    Ignis [......]
Gold:   792        SH:  5    Dex:  5    Spells: 12/12 levels left

rFire   + . .      SeeInvis .     - Unarmed
rCold   . . .      Faith    .   (no shield)
rNeg    . . .      Spirit   .   a - +0 robe
rPois   .          Reflect  +   (helmet restricted)
rElec   .          Harm     .   (no cloak)
rCorr   .          Rampage  .   (gloves unavailable)
Will    .....                   (boots unavailable)
Stlth   +.........              o - amulet of reflection
HPRegen 1.08/turn               (no ring)
MPRegen 0.12/turn               (no ring)

@: about to teleport
A: large, unfitting armour, claws 3, regeneration 1, shaggy fur 1, tough skin 1
a: Renounce Religion, Rising Flame


You were on level 11 of the Dungeon.
You worshipped Ignis.
Ignis was noncommittal.
You visited 1 branch of the dungeon, and saw 11 of its levels.
You also visited: Sewer.

You collected 1000 gold pieces.
You spent 208 gold pieces at shops.


Innate Abilities, Weirdness & Mutations

You are too large for most types of armour.
You have claws for hands.
Your natural rate of healing is unusually fast.
You are covered in fur. (AC +1)
You have tough skin. (AC +1)


   Skills:
 - Level 7.0 Fighting
 - Level 2.1 Throwing
 - Level 2.0 Dodging
 + Level 16.2 Unarmed Combat
 - Level 1.0 Spellcasting
 - Level 2.1 Fire Magic


You had 12 spell levels left.
You didn't know any spells.
Your spell library contained the following spells:

 Spells                   Type           Power      Damage    Failure   Level
 Scorch                   Fire           8%         2d5       22%         2

Inventory:

Missiles
 g - 5 boomerangs (quivered)
Armour
 a - a +0 robe (worn)
 j - +0 acid dragon scales
Jewellery
 k - a +6 ring of intelligence
 o - an amulet of reflection (around neck)
Scrolls
 e - 5 scrolls of identify
 h - a scroll of teleportation
 l - 2 scrolls of enchant armour
Potions
 b - 3 potions of haste
 c - 4 potions of curing
 d - 3 potions of mutation
 f - 2 potions of might
 i - 3 potions of heal wounds
 n - a potion of resistance

Dungeon Overview and Level Annotations

Branches:
Dungeon (11/15)            Temple (0/1) D:5           Sewer (visited)
   Lair: D:8-11         Orc: D:9-12

Altars:
Ashenzari
Cheibriados
Fedhas
Gozag
Ru
Uskayaw
Wu Jian
Xom
The Shining One

Shops:
D:3 *   D:5 ?

Annotations:
D:7 4 runed translucent doors


Message History

A rakshasa comes into view. It is wielding a +0 whip.
The centaur shoots an arrow.
The arrow barely misses you.
You hear a bellow!
You mangle the yak!!
The yak is heavily wounded.
The yak barely misses you.
The centaur shoots an arrow.
The arrow hits you!
You hear an angry buzzing noise.
10144 ||| Stepping ~*~*~tactically~*~*~ (outnumbered).
A yak comes into view.
Found a glowing spear.
The yak bellows!
You block the yak's attack.
A yak comes into view.
10145 ||| Stepping ~*~*~tactically~*~*~ (outnumbered).
The yak attacks as you move away! The yak gores you.
The red ugly thing punches you.
You are engulfed in flames.
You resist.
The skeletal warrior hits you with a +0 halberd!!
The centaur unwields a +0 shortbow.
The centaur wields a staff of poison.
The centaur hits you with a staff of poison.
The centaur envenoms you.
You are poisoned.
The centaur kicks you but does no damage.
You mangle the yak!!
You kill the yak!
You feel sick.
A green ugly thing comes into view.
The red ugly thing punches you!
You are engulfed in flames!
You resist. The yak gores you but does no damage.
The skeletal warrior hits you with a +0 halberd!!
10147 ||| READING 2 scrolls of teleportation.
As you read the scroll of teleportation, it crumbles to dust.
You feel strangely unstable.
You feel sick.
You are no longer poisoned.
The green ugly thing gurgles horribly!
You hear a shout!
You hear a horrible gurgling sound!
The centaur hits you with a staff of poison.
The centaur kicks you but does no damage.
The centaur hits you with a staff of poison.
You die...

. #.#.#....|#...#
###.#.....###...# #
#.#..#.##.##....#
#.#..#.#.##...#...#
....[#.#[.....#...#
.#.#...##....#...#
..)#.#.#..##..#
......c.Y..#....
..#..#@%..##.#.
#...#zuY...#
......R.#...#
###.z#|..#8.8#
..##}Y.Y.....
.##.#8Y8##. ..
.u#...# #. #. .


You could see 2 ugly things, a rakshasa, a skeletal warrior, 4 yaks and a
centaur.

Vanquished Creatures
  A boulder beetle (D:11)
  A centaur warrior (D:11)
  A two-headed ogre (D:10)
  An ugly thing (D:10)
  A cyclops (D:11)
  A gargoyle (D:10)
  An unseen horror (D:11)
  3 kobold demonologists (D:11)
  A tengu conjurer (D:11)
  A hornet (D:7)
  2 shadows
  2 wraiths
  14 yaks
  A wyvern (D:9)
  A vampire mosquito (D:7)
  4 acid dragons
  A water moccasin (D:7)
  6 orc warriors
  2 sky beasts (D:7)
  2 ice beasts
  2 black bears
  2 ogres (D:6)
  A centaur (D:7)
  6 kobold brigands
  7 bullfrogs
  3 scorpions
  4 wights (D:9)
  2 howler monkeys (D:9)
  7 orc priests
  5 hounds
  2 jellies (D:6)
  A gnoll bouda (D:7)
  5 iguanas
  Natasha (twice) (D:3)
  13 orc wizards
  8 gnolls (D:7)
  7 adders
  A river rat (Sewer)
  2 shadow imps
  2 white imps (D:7)
  A worm (D:2)
  3 dart slugs
  54 orcs
  6 ball pythons
  6 bats
  9 endoplasms
  7 giant cockroaches
  11 goblins
  5 hobgoblins
  5 jackals
  6 quokkas
  3 frilled lizards
  15 kobolds
  8 rats
268 creatures vanquished.

Vanquished Creatures (others)
  7 plants
  5 toadstools (D:7)
12 creatures vanquished.

Grand Total: 280 creatures vanquished

Notes
Turn   | Place    | Note
-------+----------+-------------------------------------------
     0 | D:1      | qw the Troll Cinder Acolyte began the quest for the Orb.
     0 | D:1      | Reached XP level 1. HP: 22/22 MP: 1/1
     0 | D:1      | 0 ||| qw: Version: 0.1-a-97-g2dd2ca4
     0 | D:1      | 0 ||| qw: Game counter: 4647
     0 | D:1      | 0 ||| qw: Always use a shield: true
     0 | D:1      | 0 ||| qw: God list: Okawaru
     0 | D:1      | 0 ||| qw: Allow faded altars: false
     0 | D:1      | 0 ||| qw: Do Orc after D:15 true
     0 | D:1      | 0 ||| qw: Do second Lair branch before Depths: true
     0 | D:1      | 0 ||| qw: Lair rune preference: random
     0 | D:1      | 0 ||| qw: Plans: Normal
     0 | D:1      | 0 ||| PLANNING D:1-11
   356 | D:1      | Reached XP level 2. HP: 29/29 MP: 2/2
   565 | D:1      | 565 ||| Stepping ~*~*~tactically~*~*~ (stealth).
   571 | D:1      | 571 ||| Stepping ~*~*~tactically~*~*~ (outnumbered).
   758 | D:1      | Reached skill level 4 in Unarmed Combat
   772 | D:1      | 772 ||| Stepping ~*~*~tactically~*~*~ (outnumbered).
   985 | D:1      | Found a faded altar of an unknown god.
   989 | D:1      | 989 ||| READING scroll labelled QEQE ICANIOTOA.
   990 | D:1      | 990 ||| READING 3 scrolls labelled LOSKYUTIUMU.
   991 | D:1      | 991 ||| READING 3 scrolls labelled UMOYPN TELYB.
   992 | D:1      | 992 ||| DROPPING 2 scrolls of fear.
   993 | D:1      | 993 ||| DROPPING 2 scrolls of poison.
   994 | D:1      | 994 ||| Stepping randomly (stuck).
   995 | D:1      | 995 ||| Stepping ~*~*~tactically~*~*~ (cloud).
  1087 | D:2      | 1087 ||| Stepping ~*~*~tactically~*~*~ (hiding).
  1093 | D:2      | Reached XP level 3. HP: 36/36 MP: 3/3
  1249 | D:2      | 1249 ||| Stepping ~*~*~tactically~*~*~ (hiding).
  1250 | D:2      | 1250 ||| Stepping ~*~*~tactically~*~*~ (hiding).
  1267 | D:2      | 1267 ||| Stepping ~*~*~tactically~*~*~ (stealth).
  1433 | D:2      | Found a snail-covered altar of Cheibriados.
  1498 | D:2      | 1498 ||| Stepping ~*~*~tactically~*~*~ (hiding).
  2085 | D:2      | 2085 ||| READING scroll labelled RYUQAE ZOUH.
  2086 | D:2      | 2086 ||| READING scroll labelled LALUIM VOEC.
  2087 | D:2      | 2087 ||| READING 3 scrolls of identify.
  2087 | D:2      | 2087 ||| IDENTIFYING smoky orange potion
  2088 | D:2      | 2088 ||| READING 2 scrolls of identify.
  2088 | D:2      | 2088 ||| IDENTIFYING viscous dark potion
  2134 | D:3      | 2134 ||| PLANNING SEWER
  2228 | D:3      | Reached skill level 5 in Unarmed Combat
  2228 | D:3      | Reached XP level 4. HP: 44/44 MP: 4/4
  2270 | D:3      | Found Urghioke's General Store.
  2273 | D:3      | 2273 ||| BUYING 2 scrolls of teleportation (72 gold).
  2273 | D:3      | Bought 2 scrolls of teleportation for 72 gold pieces
  2273 | D:3      | 2273 ||| BUYING scroll of identify (24 gold).
  2273 | D:3      | Bought a scroll of identify for 24 gold pieces
  2273 | D:3      | 2273 ||| BUYING scroll of identify (24 gold).
  2273 | D:3      | Bought a scroll of identify for 24 gold pieces
  2273 | D:3      | 2273 ||| SHOPLISTING scroll of teleportation (36 gold, have
                  | 10).
  2315 | D:3      | 2315 ||| Stepping ~*~*~tactically~*~*~ (stealth).
  2434 | D:3      | Found a glowing drain.
  2447 | D:3      | 2447 ||| READING scroll labelled TUANOO JUXEREOMOC.
  2448 | D:3      | 2448 ||| DRINKING 2 golden potions.
  2485 | D:3      | 2485 ||| READING 5 scrolls of identify.
  2485 | D:3      | 2485 ||| IDENTIFYING bubbling coppery potion
  2486 | D:3      | 2486 ||| READING 4 scrolls of identify.
  2486 | D:3      | 2486 ||| IDENTIFYING fizzy white potion
  2487 | D:3      | 2487 ||| READING 3 scrolls of identify.
  2487 | D:3      | 2487 ||| IDENTIFYING orange potion
  2488 | D:3      | 2488 ||| DROPPING potion of berserk rage.
  2489 | D:3      | 2489 ||| DROPPING potion of lignification.
  2501 | Sewer    | Entered a sewer
  2514 | Sewer    | Reached XP level 5. HP: 50/50 MP: 5/5
  2575 | Sewer    | 2575 ||| Stepping ~*~*~tactically~*~*~ (outnumbered).
  2576 | Sewer    | 2576 ||| Stepping ~*~*~tactically~*~*~ (outnumbered).
  2579 | Sewer    | Reached skill level 6 in Unarmed Combat
  2585 | Sewer    | 2585 ||| INVOKING Fiery Armour.
  2587 | Sewer    | Reached XP level 6. HP: 19/59 MP: 6/6
  2651 | Sewer    | Found a white marble altar of Elyvilon.
  2691 | D:3      | 2691 ||| PLANNING D:1-11
  3124 | D:3      | Noticed Natasha
  3125 | D:3      | 3125 ||| Stepping ~*~*~tactically~*~*~ (hiding).
  3133 | D:3      | Killed Natasha
  3134 | D:3      | Reached skill level 7 in Unarmed Combat
  3166 | D:3      | 3166 ||| READING 2 scrolls of identify.
  3166 | D:3      | 3166 ||| IDENTIFYING lumpy blue potion
  3167 | D:3      | 3167 ||| DROPPING potion of ambrosia.
  3189 | D:3      | Noticed Natasha
  3190 | D:3      | 3190 ||| Stepping ~*~*~tactically~*~*~ (hiding).
  3197 | D:3      | Killed Natasha
  3248 | D:4      | 3248 ||| Stepping ~*~*~tactically~*~*~ (stealth).
  3259 | D:4      | 3259 ||| Stepping ~*~*~tactically~*~*~ (stealth).
  3360 | D:4      | Found a broken altar of Ashenzari.
  3518 | D:4      | 3518 ||| Stepping ~*~*~tactically~*~*~ (hiding).
  3570 | D:4      | Found a sacrificial altar of Ru.
  3692 | D:4      | Found a hide-covered altar of Uskayaw.
  3693 | D:4      | 3693 ||| Stepping ~*~*~tactically~*~*~ (stealth).
  3694 | D:4      | 3694 ||| Stepping ~*~*~tactically~*~*~ (stealth).
  3848 | D:4      | Found an ornate altar of the Wu Jian Council.
  3953 | D:4      | 3953 ||| READING scroll labelled QUH XYXOELIV.
  3954 | D:4      | 3954 ||| DRINKING 2 sapphire potions.
  3955 | D:4      | 3955 ||| READING 2 scrolls of identify.
  3955 | D:4      | 3955 ||| IDENTIFYING lumpy silvery potion
  3956 | D:4      | 3956 ||| DROPPING potion of degeneration.
  3973 | D:5      | Entered Level 5 of the Dungeon
  4027 | D:5      | 4027 ||| Stepping ~*~*~tactically~*~*~ (hiding).
  4135 | D:5      | Found Meng's Magic Scroll Shop.
  4143 | D:5      | Reached skill level 8 in Unarmed Combat
  4143 | D:5      | Reached XP level 7. HP: 60/66 MP: 7/7
  4166 | D:5      | 4166 ||| BUYING 3 scrolls of identify (66 gold).
  4166 | D:5      | Bought 3 scrolls of identify for 66 gold pieces
  4166 | D:5      | 4166 ||| SHOPLISTING scroll of acquirement (572 gold, have
                  | 29).
  4166 | D:5      | 4166 ||| BUYING scroll of identify (22 gold).
  4166 | D:5      | Bought a scroll of identify for 22 gold pieces
  4166 | D:5      | 4166 ||| SHOPLISTING scroll of identify (22 gold, have 7).
  4166 | D:5      | 4166 ||| SHOPLISTING scroll of teleportation (33 gold, have
                  | 7).
  4214 | D:5      | Reached skill level 3 in Fighting
  4540 | D:5      | Found a staircase to the Ecumenical Temple.
  4667 | D:5      | 4667 ||| Stepping ~*~*~tactically~*~*~ (stealth).
  4672 | D:5      | 4672 ||| Stepping ~*~*~tactically~*~*~ (outnumbered).
  4734 | D:5      | 4734 ||| UPGRADING to amulet of the acrobat.
  4739 | D:5      | 4739 ||| READING scroll labelled CAIRRA APUO.
  4740 | D:5      | 4740 ||| READING 6 scrolls of identify.
  4740 | D:5      | 4740 ||| IDENTIFYING viscous blue potion
  4741 | D:5      | 4741 ||| DROPPING potion of brilliance.
  4767 | D:6      | Reached skill level 9 in Unarmed Combat
  4786 | D:6      | Reached skill level 1 in Throwing
  4861 | D:6      | 4861 ||| INVOKING Fiery Armour.
  4865 | D:6      | Reached skill level 1 in Dodging
  4865 | D:6      | Reached XP level 8. HP: 66/75 MP: 8/8
  4865 | D:6      | 4865 ||| Stepping ~*~*~tactically~*~*~ (outnumbered).
  4866 | D:6      | 4866 ||| Stepping ~*~*~tactically~*~*~ (outnumbered).
  4867 | D:6      | 4867 ||| Stepping ~*~*~tactically~*~*~ (outnumbered).
  4868 | D:6      | 4868 ||| Stepping ~*~*~tactically~*~*~ (outnumbered).
  4870 | D:6      | 4870 ||| Stepping ~*~*~tactically~*~*~ (outnumbered).
  4872 | D:6      | 4872 ||| Stepping ~*~*~tactically~*~*~ (outnumbered).
  4873 | D:6      | 4873 ||| Stepping ~*~*~tactically~*~*~ (outnumbered).
  4874 | D:6      | 4874 ||| Stepping ~*~*~tactically~*~*~ (outnumbered).
  4875 | D:6      | 4875 ||| Stepping ~*~*~tactically~*~*~ (outnumbered).
  5035 | D:6      | 5035 ||| DRINKING 2 potions of curing.
  5035 | D:6      | 5035 ||| (to cure confusion)
  5036 | D:6      | 5036 ||| Stepping ~*~*~tactically~*~*~ (hiding).
  5039 | D:6      | 5039 ||| Stepping ~*~*~tactically~*~*~ (hiding).
  5271 | D:6      | 5271 ||| READING scroll labelled RUOSENACLU.
  5382 | D:7      | 5382 ||| Stepping ~*~*~tactically~*~*~ (hiding).
  5388 | D:7      | 5388 ||| INVOKING Fiery Armour.
  5389 | D:7      | 5389 ||| Stepping ~*~*~tactically~*~*~ (outnumbered).
  5390 | D:7      | 5390 ||| Stepping ~*~*~tactically~*~*~ (outnumbered).
  5395 | D:7      | 5395 ||| Stepping ~*~*~tactically~*~*~ (outnumbered).
  5397 | D:7      | Reached skill level 10 in Unarmed Combat
  5436 | D:7      | 5436 ||| Stepping ~*~*~tactically~*~*~ (hiding).
  5451 | D:7      | 5451 ||| Stepping ~*~*~tactically~*~*~ (stealth).
  5542 | D:7      | Found a large runed translucent door.
  5543 | D:7      | Found a large runed translucent door.
  5548 | D:7      | Found a large runed translucent door.
  5548 | D:7      | Found a large runed translucent door.
  5609 | D:7      | 5609 ||| Stepping ~*~*~tactically~*~*~ (outnumbered).
  5638 | D:7      | 5638 ||| INVOKING Fiery Armour.
  5768 | D:7      | Reached skill level 11 in Unarmed Combat
  5893 | D:7      | Reached XP level 9. HP: 76/84 MP: 9/9
  6090 | D:7      | Paralysed by a hornet for 3 turns
  6094 | D:7      | 6094 ||| INVOKING Fiery Armour.
  6094 | D:7      | HP: 18/84 [hornet (8)]
  6095 | D:7      | 6095 ||| READING 2 scrolls of teleportation.
  6095 | D:7      | HP: 6/84 [poisoned by a hornet]
  6095 | D:7      | HP: 2/84 [white imp (3)]
  6096 | D:7      | 6096 ||| DRINKING 4 potions of heal wounds.
  6100 | D:7      | HP: 17/84 [poisoned by a hornet]
  6207 | D:7      | 6207 ||| Stepping ~*~*~tactically~*~*~ (stealth).
  6244 | D:7      | 6244 ||| INVOKING Fiery Armour.
  6325 | D:7      | 6325 ||| READING scroll labelled TIH YSUHIFRA.
  6408 | D:7      | 6408 ||| Stepping ~*~*~tactically~*~*~ (outnumbered).
  6413 | D:7      | 6413 ||| Stepping ~*~*~tactically~*~*~ (outnumbered).
  6495 | D:7      | Paralysed by a hornet for 1 turns
  6499 | D:7      | 6499 ||| INVOKING Fiery Armour.
  6506 | D:7      | HP: 17/84 [hornet (13)]
  6507 | D:7      | Reached skill level 12 in Unarmed Combat
  6645 | D:7      | 6645 ||| DROPPING orb of guile.
  6646 | D:7      | 6646 ||| READING 6 scrolls of identify.
  6646 | D:7      | 6646 ||| IDENTIFYING purple potion
  6647 | D:7      | 6647 ||| DROPPING potion of attraction.
  6758 | D:8      | 6758 ||| STAIRDANCE
  6854 | D:8      | 6854 ||| Stepping ~*~*~tactically~*~*~ (stealth).
  6860 | D:8      | 6860 ||| Stepping ~*~*~tactically~*~*~ (stealth).
  6949 | D:8      | 6949 ||| Stepping ~*~*~tactically~*~*~ (stealth).
  6989 | D:8      | Noticed a centaur warrior
  6991 | D:8      | Noticed a catoblepas
  6992 | D:8      | Noticed a two-headed ogre
  7003 | D:8      | 7003 ||| Stepping ~*~*~tactically~*~*~ (outnumbered).
  7007 | D:8      | 7007 ||| Stepping ~*~*~tactically~*~*~ (outnumbered).
  7008 | D:8      | 7008 ||| Stepping ~*~*~tactically~*~*~ (outnumbered).
  7017 | D:8      | Noticed a green ugly thing
  7018 | D:8      | Noticed a four-headed hydra
  7101 | D:8      | 7101 ||| INVOKING Fiery Armour.
  7102 | D:8      | 7102 ||| Stepping ~*~*~tactically~*~*~ (outnumbered).
  7160 | D:8      | Identified the +0 ring mail "Vimeogan" {rC+ Str-5 Int+3
                  | Slay+3}
  7353 | D:8      | 7353 ||| DROPPING orb of guile.
  7354 | D:8      | 7354 ||| READING 6 scrolls of identify.
  7354 | D:8      | 7354 ||| IDENTIFYING fuming silvery potion
  7355 | D:8      | 7355 ||| DROPPING potion of magic.
  7366 | D:8      | Noticed a boulder beetle
  7501 | D:9      | 7501 ||| Stepping ~*~*~tactically~*~*~ (outnumbered).
  7540 | D:9      | Reached skill level 13 in Unarmed Combat
  7547 | D:9      | 7547 ||| FLEEEEING.
  7548 | D:9      | 7548 ||| FLEEEEING.
  7549 | D:9      | 7549 ||| FLEEEEING.
  7551 | D:9      | 7551 ||| FLEEEEING.
  7552 | D:9      | 7552 ||| FLEEEEING.
  7553 | D:9      | 7553 ||| FLEEEEING.
  7554 | D:9      | 7554 ||| FLEEEEING.
  7555 | D:9      | 7555 ||| FLEEEEING.
  7556 | D:9      | 7556 ||| FLEEEEING.
  7557 | D:9      | 7557 ||| FLEEEEING.
  7558 | D:9      | 7558 ||| FLEEEEING.
  7559 | D:9      | 7559 ||| FLEEEEING.
  7560 | D:9      | 7560 ||| FLEEEEING.
  7561 | D:9      | 7561 ||| FLEEEEING.
  7562 | D:9      | 7562 ||| FLEEEEING.
  7563 | D:9      | 7563 ||| FLEEEEING.
  7564 | D:9      | 7564 ||| FLEEEEING.
  7565 | D:9      | 7565 ||| FLEEEEING.
  7569 | D:9      | 7569 ||| Stepping ~*~*~tactically~*~*~ (outnumbered).
  7570 | D:9      | 7570 ||| Stepping ~*~*~tactically~*~*~ (outnumbered).
  7571 | D:9      | 7571 ||| Stepping ~*~*~tactically~*~*~ (outnumbered).
  7572 | D:9      | 7572 ||| Stepping ~*~*~tactically~*~*~ (outnumbered).
  7578 | D:9      | 7578 ||| INVOKING Fiery Armour.
  7581 | D:9      | Reached XP level 10. HP: 41/96 MP: 10/10
  7667 | D:9      | Found a glowing golden altar of the Shining One.
  7776 | D:9      | 7776 ||| INVOKING Fiery Armour.
  7912 | D:9      | 7912 ||| Stepping ~*~*~tactically~*~*~ (stealth).
  8230 | D:9      | 8230 ||| READING scroll labelled UKAOFO DOLLE.
  8245 | D:10     | Entered Level 10 of the Dungeon
  8245 | D:10     | Found an opulent altar of Gozag.
  8250 | D:10     | 8250 ||| STAIRDANCE
  8254 | D:9      | Reached skill level 14 in Unarmed Combat
  8256 | D:10     | 8256 ||| STAIRDANCE
  8258 | D:9      | 8258 ||| Stepping ~*~*~tactically~*~*~ (outnumbered).
  8259 | D:9      | 8259 ||| Stepping ~*~*~tactically~*~*~ (outnumbered).
  8262 | D:9      | 8262 ||| Stepping ~*~*~tactically~*~*~ (outnumbered).
  8341 | D:10     | Noticed a two-headed ogre
  8351 | D:10     | Killed a two-headed ogre
  8352 | D:10     | Reached skill level 6 in Fighting
  8503 | D:10     | 8503 ||| Stepping ~*~*~tactically~*~*~ (hiding).
  8550 | D:10     | 8550 ||| Stepping ~*~*~tactically~*~*~ (hiding).
  8560 | D:10     | 8560 ||| DRINKING 5 potions of curing.
  8560 | D:10     | 8560 ||| (to cure confusion)
  8682 | D:10     | 8682 ||| Stepping ~*~*~tactically~*~*~ (outnumbered).
  8683 | D:10     | 8683 ||| Stepping ~*~*~tactically~*~*~ (outnumbered).
  8684 | D:10     | 8684 ||| Stepping ~*~*~tactically~*~*~ (outnumbered).
  8685 | D:10     | 8685 ||| Stepping ~*~*~tactically~*~*~ (hiding).
  8696 | D:10     | 8696 ||| Stepping ~*~*~tactically~*~*~ (outnumbered).
  8707 | D:10     | 8707 ||| Stepping ~*~*~tactically~*~*~ (outnumbered).
  8772 | D:10     | Noticed a red ugly thing
  8775 | D:10     | Noticed a gargoyle
  8776 | D:10     | 8776 ||| Stepping ~*~*~tactically~*~*~ (stealth).
  8782 | D:10     | Killed a red ugly thing
  8784 | D:10     | 8784 ||| INVOKING Fiery Armour.
  8785 | D:10     | HP: 16/100 [gargoyle/+0 flail (14)]
  8786 | D:10     | 8786 ||| READING 4 scrolls of teleportation.
  8787 | D:10     | 8787 ||| DRINKING 4 potions of heal wounds.
  8789 | D:10     | Killed a gargoyle
  8856 | D:10     | Found a shimmering altar of Xom.
  8886 | D:10     | 8886 ||| Stepping ~*~*~tactically~*~*~ (stealth).
  8891 | D:10     | 8891 ||| Stepping ~*~*~tactically~*~*~ (stealth).
  8892 | D:10     | 8892 ||| FLEEEEING.
  8893 | D:10     | 8893 ||| FLEEEEING.
  8897 | D:10     | 8897 ||| Stepping ~*~*~tactically~*~*~ (outnumbered).
  8904 | D:10     | Reached skill level 15 in Unarmed Combat
  9051 | D:10     | 9051 ||| Stepping ~*~*~tactically~*~*~ (hiding).
  9077 | D:10     | 9077 ||| Stepping ~*~*~tactically~*~*~ (hiding).
  9114 | D:10     | Reached XP level 11. HP: 85/107 MP: 11/11
  9383 | D:10     | Found a blossoming altar of Fedhas.
  9553 | D:10     | 9553 ||| DROPPING orb of wrath.
  9554 | D:10     | 9554 ||| UPGRADING to amulet of reflection.
  9564 | D:10     | 9564 ||| DROPPING amulet of the acrobat.
  9565 | D:10     | 9565 ||| READING 2 scrolls labelled XUYCORINE.
  9566 | D:10     | 9566 ||| READING 6 scrolls of identify.
  9566 | D:10     | 9566 ||| IDENTIFYING grey potion
  9567 | D:10     | 9567 ||| DROPPING scroll of vulnerability.
  9695 | D:11     | Noticed a boulder beetle
  9696 | D:11     | 9696 ||| INVOKING Fiery Armour.
  9711 | D:11     | Killed a boulder beetle
  9776 | D:11     | 9776 ||| Stepping ~*~*~tactically~*~*~ (hiding).
  9790 | D:11     | 9790 ||| Stepping ~*~*~tactically~*~*~ (hiding).
  9802 | D:11     | Identified the +0 flail "Famyit" {vorpal, Int+4}
  9802 | D:11     | Noticed a centaur warrior
  9803 | D:11     | 9803 ||| Stepping ~*~*~tactically~*~*~ (hiding).
  9803 | D:11     | Noticed a boulder beetle
  9807 | D:11     | HP: 20/107 [centaur warrior/the +0 flail "Famyit" {vorpal,
                  | Int+4} (17)]
  9808 | D:11     | 9808 ||| READING 3 scrolls of teleportation.
  9809 | D:11     | 9809 ||| DRINKING 4 potions of heal wounds.
  9810 | D:11     | Killed a centaur warrior
  9811 | D:11     | Reached skill level 16 in Unarmed Combat
  9811 | D:11     | 9811 ||| Stepping ~*~*~tactically~*~*~ (outnumbered).
  9919 | D:11     | 9919 ||| Stepping ~*~*~tactically~*~*~ (hiding).
  9932 | D:11     | 9932 ||| INVOKING Fiery Armour.
 10000 | D:11     | 10000 ||| Stepping ~*~*~tactically~*~*~ (stealth).
 10011 | D:11     | 10011 ||| Stepping ~*~*~tactically~*~*~ (stealth).
 10013 | D:11     | 10013 ||| Stepping ~*~*~tactically~*~*~ (stealth).
 10015 | D:11     | 10015 ||| Stepping ~*~*~tactically~*~*~ (stealth).
 10020 | D:11     | 10020 ||| Stepping ~*~*~tactically~*~*~ (stealth).
 10026 | D:11     | 10026 ||| Stepping ~*~*~tactically~*~*~ (stealth).
 10096 | D:11     | 10096 ||| Stepping ~*~*~tactically~*~*~ (stealth).
 10099 | D:11     | 10099 ||| Stepping ~*~*~tactically~*~*~ (stealth).
 10100 | D:11     | 10100 ||| Stepping ~*~*~tactically~*~*~ (stealth).
 10103 | D:11     | 10103 ||| Stepping ~*~*~tactically~*~*~ (hiding).
 10139 | D:11     | Identified the +1 ring mail of Immorality {rC++ Int+4}
 10140 | D:11     | Noticed a skeletal warrior
 10141 | D:11     | Noticed a red ugly thing
 10142 | D:11     | 10142 ||| Stepping ~*~*~tactically~*~*~ (hiding).
 10142 | D:11     | Noticed a rakshasa
 10144 | D:11     | 10144 ||| Stepping ~*~*~tactically~*~*~ (outnumbered).
 10145 | D:11     | 10145 ||| Stepping ~*~*~tactically~*~*~ (outnumbered).
 10146 | D:11     | Noticed a green ugly thing
 10146 | D:11     | HP: 7/109 [skeletal warrior/+0 halberd (21)]
 10147 | D:11     | 10147 ||| READING 2 scrolls of teleportation.
 10147 | D:11     | HP: 1/109 [centaur/staff of poison (6)]
 10147 | D:11     | Slain by a centaur

Levels and vault maps discovered:
D:1:      erik_arrival_triangle_medium, layout_loops_corners,
          shapermc_ecumenical_altar_hornbeckon, minmay_tetromino_i2
D:2:      layout_basic, basic_altar
D:3:      layout_loops_ring, gup_sewer_entry_pipe, serial_shops,
          nicolae_shop_trees, kennysheep_cross_bottleneck, uniq_natasha
D:4:      layout_basic, nicolae_wu_jian_glorious_leap,
          mainiacjoe_overflow_alcove_2, mainiacjoe_overflow_large_starburst
D:5:      layout_loops_cross, minmay_temple_entry_offerings, serial_shops,
          nicolae_shop_statue_plus
D:6:      layout_cave_pools
D:7:      layout_loops_ring, grunt_decor_arrowhead, st_stairs_13,
          minmay_misc_feat_rows, minmay_gold_behind_fungi, grunt_ministairs_10,
          minmay_hollow_rounded_squares
D:8:      layout_cave_pools, chequers_decorated_corner,
          onia_ninara_dug_in_and_dangerous
D:9:      layout_roguey, tso_oasis_becter
D:10:     minmay_goldmine, layout_loops_ring, nicolae_gozag_seed_capital,
          nicolae_overflow_crystal_walls, mainiacjoe_overflow_six_doors_small,
          enter_bailey_3
D:11:     minmay_the_grid_square_5x5_5x5_mashed
          [minmay_the_grid_square_5x5_spiral_small,
          minmay_the_grid_square_5x5_intrusive_squares,
          minmay_the_grid_square_5x5_inner_z,
          minmay_the_grid_square_5x5_fancy_junction,
          minmay_the_grid_square_5x5_longway, minmay_the_grid_square_5x5_bridge,
          minmay_the_grid_square_5x5_prize_waves,
          minmay_the_grid_square_5x5_tri_point,
          minmay_the_grid_square_5x5_prize_rear_guard,
          minmay_the_grid_square_5x5_checkered,
          minmay_the_grid_square_5x5_three, minmay_the_grid_square_5x5_forky,
          minmay_the_grid_square_5x5_prize_itemx,
          minmay_the_grid_square_5x5_minibox,
          minmay_the_grid_square_5x5_inner_i, minmay_the_grid_square_5x5_n,
          minmay_the_grid_square_5x5_prize_deathbox,
          minmay_the_grid_square_5x5_inner_v,
          minmay_the_grid_square_5x5_prize_pseudospiral,
          minmay_the_grid_square_5x5_bite, minmay_the_grid_square_5x5_gyroscope,
          minmay_the_grid_square_5x5_tie, minmay_the_grid_square_5x5_six,
          minmay_the_grid_square_5x5_lines,
          minmay_the_grid_square_5x5_doubleslash], layout_basic,
          dpeg_oklobed_lair, orc_0_dummy, serial_shops,
          nicolae_shop_behind_doors, enter_trove_1, hangedman_decor_slide_cut,
          kennysheep_generic_room_7

Skill      XL: |  1  2  3  4  5  6  7  8  9 10 11 |
---------------+----------------------------------+-----
Unarmed Combat | 4 5 6 8 9 11 13 15 16 | 16.2
Fighting       | 3 4 5 6 7 |  7.0
Throwing       | 1 2 |  2.1
Dodging        | 1 2 |  2.0
Spellcasting   | |  1.0
Fire Magic     | |  2.1

Action                   |  1- 3 |  4- 6 |  7- 9 | 10-12 || total
-------------------------+-------+-------+-------+-------++-------
Melee: Unarmed           |   123 |   154 |   304 |   228 ||   809
       Punch             |     2 |     5 |    15 |     8 ||    30
Throw: Boomerang         |       |     1 |    72 |    33 ||   106
Invok: Fiery Armour      |       |     1 |     8 |     4 ||    13
  Use: Scroll            |     7 |     7 |     7 |     6 ||    27
       Potion            |       |     2 |     2 |     3 ||     7
Armor: Robe              |    34 |    29 |    57 |    49 ||   169
Dodge: Dodged            |    48 |    34 |   114 |    91 ||   287
Block: Other             |       |       |       |    12 ||    12
       Reflection        |       |       |       |     1 ||     1

Table legend:
 A = Non-vault XP
 B = Vault XP
 C = Vault XP percentage of total XP
 D = Non-vault monster count
 E = Vault monster count
 F = Vault count percentage of total count
                 A         B        C        D         E       F
            +---------+---------+-------+---------+---------+-------
      Total |   11864 |    4656 |  28.2 |     211 |      57 |  21.3
            +---------+---------+-------+---------+---------+-------
        D:1 |      33 |       2 |   5.7 |      19 |       2 |   9.5
        D:2 |      49 |       0 |   0.0 |      18 |       0 |   0.0
        D:3 |     119 |      53 |  30.8 |      14 |      10 |  41.7
        D:4 |     224 |       0 |   0.0 |      19 |       0 |   0.0
        D:5 |     396 |       0 |   0.0 |      10 |       0 |   0.0
        D:6 |     695 |       0 |   0.0 |      17 |       0 |   0.0
        D:7 |    1326 |     890 |  40.2 |      29 |       9 |  23.7
        D:8 |     549 |       0 |   0.0 |      19 |       0 |   0.0
        D:9 |    2839 |       0 |   0.0 |      31 |       0 |   0.0
       D:10 |    3494 |     374 |   9.7 |      23 |      15 |  39.5
       D:11 |    2140 |    3119 |  59.3 |      12 |      11 |  47.8
      Sewer |       0 |     218 | 100.0 |       0 |      10 | 100.0
            +---------+---------+-------+---------+---------+-------
